 Dungeon Crawl Stone Soup version 0.29-a0-96-g93358da72b (webtiles) character file.

Game seed: 10112200767159663594

1 GameOver the Sneak (level 1, -10/15 HPs)
             Began as a Naga Hedge Wizard on Feb 11, 2022.
             Mangled by a kobold (20 damage)
             ... on level 1 of the Dungeon.
             The game lasted 00:01:13 (74 turns).

GameOver the Sneak (Naga Hedge Wizard)                Turns: 74, Time: 00:01:14

Health: -10/15     AC:  1    Str: 12    XL:     1   Next: 20%
Magic:  4/4        EV:  9    Int: 14    God:
Gold:   0          SH:  0    Dex: 10    Spells: 5/6 levels left

rFire   . . .      SeeInvis +   a - +0 dagger
rCold   . . .      Faith    .   (no shield)
rNeg    . . .      Spirit   .   b - +0 robe
rPois   +          Reflect  .   c - +0 hat
rElec   .          Harm     .   (no cloak)
rCorr   .          Rampage  .   (no gloves)
Will    .....                   (no barding)
Stlth   ++........              (no amulet)
HPRegen 0.05/turn               (no ring)
MPRegen 0.09/turn               (no ring)

@: short of breath, very slow
A: AC +0, large, see invisible, deformed body, poison resistance, slowness 2,
spit poison 1, naga tail 1
a: Spit Poison


You were on level 1 of the Dungeon.
You visited 1 branch of the dungeon, and saw 1 of its levels.

Inventory:

Hand Weapons
 a - a +0 dagger (weapon)
Armour
 b - a +0 robe (worn)
 c - a +0 hat (worn)


   Skills:
 - Level 1.5 Dodging
 - Level 3.0 Stealth
 - Level 3.0 Spellcasting
 * Level 1.2 Conjurations
 - Level 1.0 Summonings
 - Level 1.0 Translocations


You had 5 spell levels left.
You knew the following spells:

 Your Spells              Type           Power      Damage    Failure   Level
a - Magic Dart            Conj           20%        1d4       13%         1

Your spell library contained the following spells:

 Spells                   Type           Power      Damage    Failure   Level
 Slow                     Hex            8%         N/A       22%         1
 Blink                    Tloc           8%         N/A       22%         2
 Call Imp                 Summ           4%         N/A       22%         2
 Conjure Flame            Conj/Fire      3%         6-21      45%         3
 Mephitic Cloud           Conj/Pois/Air  3%         N/A       50%         3


Dungeon Overview and Level Annotations

Branches:
Dungeon (1/15)

Altars:


Innate Abilities, Weirdness & Mutations

Your serpentine skin is tough. (AC +0)
You have supernaturally acute eyesight. (SInv)
Armour fits poorly on your strangely shaped body.
Your system is resistant to poisons. (rPois)
You cover ground very slowly.
You can spit poison.
You have a snake-like lower body.


Message History

Welcome, GameOver the Naga Hedge Wizard.
Will you be the one to retrieve the wondrous Orb of Zot from the depths?
Press ? for a list of commands and other information.
Found a leather armour.
Found a staircase leading out of the dungeon.
Unknown command.
A bat comes into view.
The bat barely misses you.
You closely miss the bat. The bat hits you. The bat closely misses you.
Aiming: Spit Poison (3% risk of failure)
Press: ? - help, Shift-Dir - straight line, f - bat
Aim: a bat (35% to hit)
The splash of poison hits the bat!
You kill the bat!
You have got your breath back.
HP restored.
A kobold comes into view.
It is wielding a +2 short sword of electrocution.
The kobold shouts!
A kobold comes into view. It is wielding a +0 short sword.
There are monsters nearby!
Aiming: Spit Poison (3% risk of failure)
Press: ? - help, Shift-Dir - straight line, f - kobold
Aim: a kobold, wielding a +2 short sword of electrocution (43% to hit)
Okay, then.
The kobold shouts!
Aiming: Spit Poison (3% risk of failure)
Press: ? - help, Shift-Dir - straight line, f - kobold
Aim: a kobold, wielding a +2 short sword of electrocution (43% to hit)
The splash of poison misses the kobold.
A ball python comes into view.
You have got your breath back.
Aiming: Spit Poison (3% risk of failure)
Press: ? - help, Shift-Dir - straight line, f/p - kobold
Aim: a kobold, wielding a +2 short sword of electrocution (43% to hit)
The splash of poison misses the kobold.
The kobold hits you with a +2 short sword of electrocution.
You are electrocuted!!
Ouch! That really hurt!
You die...

.... ..S.. ..... ......
#...... ####.......
##..........
#########..#########
### #...@K.K..##
..###########.#########
#.............#
###############


You could see 2 kobolds.

Vanquished Creatures
  A bat (D:1)
1 creature vanquished.

Notes
Turn   | Place    | Note
-------+----------+-------------------------------------------
     0 | D:1      | GameOver the Naga Hedge Wizard began the quest for the Orb.
     0 | D:1      | Reached XP level 1. HP: 15/15 MP: 4/4
    74 | D:1      | Mangled by a kobold

Illustrated notes

Levels and vault maps discovered:
D:1:      minmay_arrival_wavy_path, layout_rooms,
          hellmonk_ecumenical_altar_blasted, serial_shops,
          nicolae_shop_window_shopping

Action                   || total
-------------------------++-------
Melee: Dagger            ||     1
 Abil: Spit Poison       ||     3
Dodge: Dodged            ||     2

Table legend: (Time is in decaauts)
 A = Elapsed time spent in this place.
 B = Non-inter-level travel time spent in this place.
 C = Inter-level travel time spent in this place.
 D = Time resting spent in this place.
 E = Time spent auto-exploring this place.
 F = Levels seen in this place.
 G = Mean time per level.
                   A        B        C        D        E       F      G
               +--------+--------+--------+--------+--------+-----+--------+
         Total |    100 |    100 |      0 |      0 |     84 |   1 |  100.0 |
       Dungeon |    100 |    100 |      0 |      0 |     84 |   1 |  100.0 |
               +--------+--------+--------+--------+--------+-----+--------+

Top non-repeatable levels by time:
     D:1: 100 daAuts
